Map: [ESL] Cosmic Sapphire

Players

Rattata (Vanya)

  • Race: Zerg Zerg
  • League: Master
  • Spawn Location: 11:00

LiquidElazer (Elazer) - Winner!

  • Race: Zerg Zerg
  • Spawn Location: 5:00

Event: TSL 9

VOD

Have the link to the VOD?

Description

Time

  • Played on: July 31, 2022, 5:18 a.m.
  • Length: 6:10

All games in this series

Show
View Real Time Build Order
Export as new Build Order

Rattata Zerg 

Build Orders: Hatch First 

Get SALT Encoding   

  12  0:00  Drone  
  13  0:13  Overlord  
  13  0:17  Drone  
  14  0:31  Drone x2  
  16  0:47  Hatchery  
  15  0:51  Drone  
  15  0:54  Drone  
  17  0:57  Drone  
  18  1:08  Extractor  
  17  1:12  Spawning Pool  
  17  1:16  Drone  
  17  1:19  Drone  
  18  1:28  Drone  
  19  1:39  Drone  
  20  2:00  Drone  
  20  2:01  Queen x2  
  21  2:02  Zergling x2  
  21  2:05  Overlord  
  26  2:11  Metabolic Boost, Drone  
  26  2:12  Drone  
  28  2:24  Zergling x2, Drone  
  30  2:32  Hatchery  
  30  2:35  Zergling x2  
  30  2:37  Drone  
  30  2:42  Drone  
  32  2:47  Baneling Nest  
  32  2:49  Drone  
  32  2:54  Overlord  
  32  3:01  Drone  
  33  3:09  Zergling x6  
  37  3:12  Zergling x2  
  37  3:13  Zergling x4  
  37  3:16  Roach Warren  
  38  3:21  Zergling x4  
  40  3:27  Overlord  
  40  3:30  Baneling x2  
  40  3:34  Zergling x4  
  42  3:43  Overlord  
  50  3:55  Roach x5  
  50  4:00  Zergling x4  
  52  4:09  Roach  
  54  4:10  Zergling x6  
  55  4:23  Zergling x12  
  59  4:31  Zergling x4, Roach  
  63  4:37  Ravager  
  63  4:38  Zergling x4  
  54  4:41  Zergling x4  
  54  4:44  Zergling x2  
  46  4:50  Zergling x6  
  48  4:56  Drone  
  48  4:57  Baneling  
  46  5:04  Roach  
  46  5:05  Roach  
  50  5:12  Roach x3  
  44  5:29  Zergling x6, Roach  
  48  5:41  Roach x2  
  49  5:46  Zergling x2  
Show
View Real Time Build Order
Export as new Build Order

LiquidElazer Zerg - Winner!

Build Orders: Hatch First 

Get SALT Encoding   

  12  0:00  Drone  
  13  0:12  Overlord  
  13  0:19  Drone  
  14  0:31  Drone x2  
  16  0:47  Hatchery  
  15  0:51  Drone  
  15  0:54  Drone  
  17  0:57  Drone  
  18  1:08  Extractor  
  17  1:12  Spawning Pool  
  17  1:15  Drone  
  17  1:19  Drone  
  18  1:27  Drone  
  19  1:38  Drone  
  20  1:49  Drone  
  21  1:58  Queen  
  21  1:59  Queen  
  21  2:00  Zergling x2, Overlord  
  26  2:11  Metabolic Boost, Drone x2  
  28  2:23  Drone x2  
  30  2:31  Drone  
  30  2:32  Drone  
  32  2:38  Hatchery  
  32  2:42  Zergling x2  
  32  2:44  Drone  
  32  2:50  Baneling Nest  
  32  2:53  Overlord  
  32  2:58  Drone  
  33  3:04  Drone  
  34  3:07  Zergling x4  
  34  3:11  Zergling x10  
  41  3:17  Zergling x2  
  42  3:21  Overlord  
  42  3:33  Baneling x2  
  42  3:35  Zergling x4  
  42  3:36  Baneling x2  
  44  3:42  Queen  
  44  3:44  Zergling x12  
  52  3:54  Zergling x6  
  54  3:56  Baneling  
  54  3:57  Baneling  
  54  4:02  Overlord  
  54  4:11  Zergling x8  
  57  4:19  Overlord  
  56  4:25  Zergling x16  
  49  4:39  Zergling x6  
  45  4:54  Drone x9  
  45  4:58  Queen  
  55  5:01  Baneling x4  
  55  5:09  Drone  
  55  5:10  Drone x4  
  60  5:16  Zergling x2  
  59  5:31  Zergling x8  
  59  5:32  Zergling x4  
  59  5:47  Zergling x6  
  59  5:48  Zergling x4  
Tags
 
Add a new tag
Caveats
  • Supply blocks, unpowered buildings, or Contaminate may cause inaccurate times.
  • Supply counts are checked every 10 seconds.